 Dungeon Crawl Stone Soup version 0.22.1 (webtiles) character file.

217 Korosensei the Chucker (level 5, -3/34 HPs)
             Began as an Octopode Assassin on Sept 19, 2018.
             Killed by divine providence
             ... invoked by an orc priest
              (16 damage)
             ... on level 3 of the Dungeon.
             The game lasted 00:07:48 (4025 turns).

Korosensei the Chucker (Octopode Assassin)          Turns: 4025, Time: 00:07:49

Health: -3/34      AC:  1    Str: 11    XL:     5   Next: 94%
Magic:  5/5        EV: 13    Int: 13    God:
Gold:   169        SH:  0    Dex: 14    Spells: 4/4 levels left

rFire    . . .     SeeInvis .   a - +2 dagger
rCold    . . .     Gourm    .   (no shield)
rNeg     . . .     Faith    .   (helmet restricted)
rPois    .         Spirit   .   (no amulet)
rElec    .         Reflect  .   (no ring)
rCorr    .         Harm     .   (no ring)
MR       .....                  (no ring)
Stlth    ++++......             (no ring)
HPRegen  0.11/turn              (no ring)
MPRegen  0.09/turn              (no ring)
                                (no ring)
                                (no ring)

@: no status effects
A: almost no armour, stealthy swim, amphibious, 8 rings, constrict 8, camouflage
1, gelatinous body 1
a: no special abilities


You were on level 3 of the Dungeon.
You were not hungry.

You visited 1 branch of the dungeon, and saw 3 of its levels.
You also visited: Sewer.

You collected 169 gold pieces.

Inventory:

Hand Weapons
 a - a +2 dagger (weapon)
 b - a +0 blowgun
Missiles
 c - 34 poisoned needles
 d - 5 curare-tipped needles
 s - 22 stones (quivered)
Jewellery
 o - an uncursed ring of fire {unknown}
 r - an uncursed ring of stealth {unknown}
Scrolls
 e - 4 scrolls of identify {unknown}
 g - 4 scrolls of teleportation {unknown}
 h - 4 scrolls of immolation {unknown}
 k - a scroll of fog {unknown}
 n - a scroll of enchant weapon {unknown}
 q - a scroll of noise {unknown}
 t - a scroll of magic mapping {unknown}
Potions
 i - a potion of invisibility {unknown}
 j - a potion of flight {unknown}
 l - 3 potions of curing {unknown}
 m - 2 potions of might
 p - a potion of resistance {unknown}
 u - a potion of magic {unknown}
 v - a potion of heal wounds {unknown}
 x - a potion of degeneration {unknown}
Comestibles
 f - 5 rations


   Skills:
 - Level 2.0 Fighting
 - Level 2.0 Short Blades
 + Level 6.0 Throwing
 - Level 1.0 Dodging
 - Level 5.3 Stealth


You had 4 spell levels left.
You didn't know any spells.
Your spell library was empty.

Dungeon Overview and Level Annotations

Branches:
Dungeon (3/15)

Altars:
Cheibriados
Fedhas
Nemelex Xobeh
Okawaru
Ru
The Shining One


Innate Abilities, Weirdness & Mutations

You cannot wear most types of armour.
You are very stealthy in the water. (Stealth+)
You are amphibious.
You can wear up to eight rings at the same time.
You can use your tentacles to constrict eight enemies at once.
Your skin changes colour to match your surroundings (Stealth+).
Your rubbery body absorbs attacks. (AC +1, EV +1)


Message History

You constrict the orc wizard, but do no damage.
The orc wizard hits you with a dagger.
You hit the orc wizard but do no damage.
The orc wizard is severely wounded.
You constrict the orc wizard.
The orc wizard gestures at you while chanting.
The magic dart hits you! The rat barely misses you.
You are too injured to fight recklessly!
You are too injured to fight recklessly!
You are too injured to fight recklessly!
You hit the orc wizard but do no damage.
The orc wizard is almost dead.
You constrict the orc wizard.
You kill the orc wizard!
Your Throwing skill increases to level 6!
Okay, then.
The rat bites you.
The orc priest invokes the aid of Beogh against you.
Beogh smites you!
You die... . # #.....###_+ # .##.# ##....###'# #. ..#.# #....# #.# .##.#># ##.#.###.# ..... #.#...... .oo

#.####### . # #)#
#.#### #..#.#o# #.##.##
#....r@########.#...###
#......................
#......#######.#.>..###
....#.#.# #...#.##
.#####... ##.#### ....
#.# #..). ###.#####
#..... #.......# ##..
#.#.###.#


You could see an orc priest, 2 orcs and a rat.

Vanquished Creatures
  2 orc wizards (D:3)
  6 adders
  A worm (D:3)
  3 dart slugs
  2 leopard geckos (D:1)
  2 orcs (D:3)
  5 bats (D:1)
  5 giant cockroaches
  6 goblins
  6 hobgoblins
  23 jackals
  2 quokkas
  5 ball pythons
  8 frilled lizards
  12 kobolds
  6 rats
  4 plants (Sewer)
98 creatures vanquished.

Notes
Turn   | Place    | Note
-------+----------+-------------------------------------------
     0 | D:1      | Korosensei the Octopode Assassin began the quest for the
                  | Orb.
     0 | D:1      | Reached XP level 1. HP: 14/14 MP: 1/1
     0 | D:1      | Noticed a purple draconian
     0 | D:1      | Noticed an orb of fire
     1 | D:1      | Noticed a tentacled monstrosity
     1 | D:1      | Noticed an orb of fire
     3 | D:1      | Noticed an iron dragon
     3 | D:1      | Noticed an orb of fire
     5 | D:1      | Noticed a shadow dragon
     6 | D:1      | Noticed a shadow dragon
    10 | D:1      | Noticed a golden dragon
    10 | D:1      | Noticed an orb of fire
    12 | D:1      | Noticed a shadow dragon
    12 | D:1      | Noticed an orb of fire
    15 | D:1      | Noticed a tentacled monstrosity
    17 | D:1      | Noticed an orb of fire
    19 | D:1      | Noticed a yellow draconian
   239 | D:1      | Reached XP level 2. HP: 18/19 MP: 2/2
   312 | D:1      | Reached skill level 3 in Throwing
   669 | D:1      | Reached XP level 3. HP: 24/24 MP: 3/3
  1067 | D:2      | Reached skill level 4 in Throwing
  1320 | D:2      | Found a snail-covered altar of Cheibriados.
  1332 | D:2      | Reached XP level 4. HP: 23/29 MP: 4/4
  1535 | D:2      | Found a snail-covered altar of Cheibriados.
  1540 | D:2      | Found a blossoming altar of Fedhas.
  1603 | D:2      | Found a sparkling altar of Nemelex Xobeh.
  1607 | D:2      | Found a glowing golden altar of the Shining One.
  1623 | D:2      | Found a sacrificial altar of Ru.
  2052 | D:3      | Found a glowing drain.
  2284 | Sewer    | Entered a sewer
  2473 | Sewer    | Reached skill level 5 in Throwing
  2473 | Sewer    | Reached XP level 5. HP: 17/34 MP: 5/5
  3654 | D:3      | Found an iron altar of Okawaru.
  4024 | D:3      | Reached skill level 6 in Throwing
  4025 | D:3      | Killed from afar by an orc priest

Skill      XL: |  1  2  3  4  5 |
---------------+----------------+-----
Throwing       | 3 4 5 6 |  6.0
Fighting       | |  2.0
Short Blades   | |  2.0
Dodging        | |  1.0
Stealth        | |  5.3

Action                   |  1- 3 |  4- 6 || total
-------------------------+-------+-------++-------
Melee: Dagger            |    70 |   177 ||   247
       Constrict         |    21 |    31 ||    52
       Tentacles         |    12 |    40 ||    52
 Stab: Sleeping          |    12 |    17 ||    29
  Eat: Chunk             |     1 |     9 ||    10
Armor: Skin              |     6 |     5 ||    11
Dodge: Dodged            |    31 |    46 ||    77
